 Dungeon Crawl Stone Soup version 0.24-a0-504-gcfb02b9d07 (webtiles) character file.

Game seed: 15921821350106159462

8473 Killmatronix the Quickloader (level 11, -2/69 HPs)
             Began as a Kobold Hunter on July 16, 2019.
             Was an Elder of Trog.
             Slain by a centaur (5 damage)
             ... on level 10 of the Dungeon.
             The game lasted 00:54:41 (13970 turns).

Killmatronix the Quickloader (Kobold Hunter)       Turns: 13970, Time: 00:54:42

Health: -2/69      AC: 12    Str: 12    XL:     11   Next: 56%
Magic:  20/20      EV: 18    Int: 13    God:    Trog [****..]
Gold:   814        SH:  0    Dex: 16    Spells: 10/10 levels left

rFire    + . .     SeeInvis .   b - +1 scimitar
rCold    . . .     Gourm    .   (shield restricted)
rNeg     . . .     Faith    .   B - +3 leather armour {rF+}
rPois    +         Spirit   .   p - +0 helmet
rElec    .         Reflect  .   G - +0 cloak
rCorr    .         Harm     .   n - +1 pair of gloves
MR       ++...                  s - +0 pair of boots
Stlth    +++.......             v - amulet of the acrobat
HPRegen  1.21/turn              i - ring of poison resistance
MPRegen  0.17/turn              g - ring of magical power

@: regenerating
A: small, carnivore
a: Berserk, Trog's Hand, Brothers in Arms, Renounce Religion


You were on level 10 of the Dungeon.
You worshipped Trog.
Trog was greatly pleased with you.
You were completely stuffed.

You visited 2 branches of the dungeon, and saw 11 of its levels.
You also visited: Sewer and Ossuary.

You collected 814 gold pieces.

Inventory:

Hand Weapons
 a - a +8 arbalest of freezing
 b - a +1 scimitar (weapon)
Missiles
 c - 2 curare-tipped darts
 d - 101 bolts
 w - 5 throwing nets (quivered)
 J - 8 atropa-tipped darts
Armour
 e - a +3 chain mail
 h - a +0 plate armour
 n - a +1 pair of gloves (worn)
 p - a +0 helmet (worn)
 s - a +0 pair of boots (worn)
 B - a +3 leather armour of fire resistance (worn)
 G - a +0 cloak (worn)
Jewellery
 g - a ring of magical power (right hand)
 i - a ring of poison resistance (left hand)
 v - an amulet of the acrobat (around neck)
Wands
 E - a wand of random effects (13)
 F - a wand of paralysis (9)
 H - a wand of flame (17)
Scrolls
 k - 9 scrolls of remove curse
 y - 4 scrolls of teleportation
 A - a scroll of blinking
Potions
 j - 2 potions of cancellation
 l - a potion of ambrosia
 m - 2 potions of invisibility
 o - 4 potions of agility
 r - 2 potions of resistance
 t - a potion of might
 u - 2 potions of curing
 z - 4 potions of heal wounds
 C - a potion of flight
 D - a potion of mutation
 I - 3 potions of magic {unknown}
Comestibles
 f - 17 rations
 q - 2 chunks of flesh


   Skills:
 + Level 8.8 Fighting
   Level 4.9(8.4) Short Blades
 + Level 6.8(7.1) Long Blades
 * Level 11.7 Crossbows
 - Level 5.0 Armour
 + Level 6.0 Dodging
 - Level 5.0 Stealth


You had 10 spell levels left.
You didn't know any spells.
Your spell library was empty.

Dungeon Overview and Level Annotations

Branches:
Dungeon (10/15)            Temple (1/1) D:5            Lair (0/6) D:8
    Orc: D:9-12

Altars:
Ashenzari
Cheibriados
Dithmenos
Elyvilon
Fedhas
Gozag
Hepliaklqana
Kikubaaqudgha
Makhleb
Nemelex Xobeh
Okawaru
Qazlal
Ru
Sif Muna
Trog
Uskayaw
Vehumet
Wu Jian
Xom
Yredelemnul
Zin
The Shining One

Annotations:
D:10 1 exclusion


Innate Abilities, Weirdness & Mutations

You are small and have problems with some larger weapons.
You are carnivorous and can eat meat at any time.


Message History

The centaur is heavily wounded.
The centaur barely misses you.
Your skin crawls.
You feel resistant to hostile enchantments.
You feel somewhat less full. The centaur completely misses you.
You riposte.
You slash the centaur!
The centaur is severely wounded.
The centaur completely misses you.
You hit the centaur.
The centaur is almost dead.
The centaur hits you.
* * * LOW HITPOINT WARNING * * *
You closely miss the centaur.
The centaur is almost dead.
The centaur barely misses you. The centaur hits you!
* * * LOW HITPOINT WARNING * * *
You hit the centaur but do no damage.
The centaur is almost dead.
The centaur hits you.
You die...

..............###..##.......##...
.#.............#...).........#...
##...............................
##.........((........##........##
.......##...(......###..........#
......#####..(.##.......#.(.....#
.....## ###.....#...#...#........
..... ##?.....)#.......#........
..... ##.......c@[............#.#
.... #.........#..(.......#.####
..## ...................###.#.#.
.... #........##.......###.....
#... #.#.....###.####.....)...
##....##..#......#######...#.....
#.......#...##...#.##......###...
.......##.#.##..........##...#...
.......#.....#..##...#.####......


You could see a centaur.

Vanquished Creatures
  A two-headed ogre (D:9)
  Nergalle (D:9)
  Pikel (D:7)
  Psyche (D:10)
  2 hippogriffs
  4 yaks (D:9)
  Eustachio (D:5)
  A spriggan (D:7)
  Grum (D:10)
  A hungry ghost (D:8)
  Menkaure (D:5)
  4 orc warriors
  Purgy (Sewer)
  An eye of draining (D:9)
  2 sky beasts
  2 slaves
  A phantom (D:10)
  4 ogres
  4 wolves
  A crocodile (D:9)
  3 centaurs
  2 big kobolds (D:9)
  2 bullfrogs
  A gnoll sergeant (D:9)
  A water moccasin skeleton (D:7)
  6 killer bees (D:9)
  9 wights
  2 howler monkeys (D:10)
  3 crimson imps
  A lava snake (D:7)
  A quasit (D:9)
  An orc priest (D:10)
  4 hounds
  4 jellies
  3 bullfrog skeletons
  4 gnoll shamans (D:5)
  An iguana (D:10)
  An iron imp (D:6)
  9 orc wizards
  5 worker ants
  A hound zombie (D:9)
  9 mummies
  40 gnolls
  9 river rats (D:7)
  7 adders
  A shadow imp (D:10)
  2 oozes
  An adder skeleton (D:6)
  2 worms
  4 dart slugs
  8 leopard geckos
  34 orcs
  9 bats
  6 giant cockroaches
  2 gnoll zombies (Ossuary)
  10 goblins
  13 hobgoblins
  21 jackals
  4 quokkas
  3 ball pythons
  7 frilled lizards
  A giant cockroach zombie (D:5)
  2 goblin zombies (D:6)
  7 hobgoblin zombies
  A jackal skeleton (D:8)
  11 kobolds
  A kobold skeleton (D:6)
  3 kobold zombies
  6 orc zombies
  A quokka zombie (D:5)
  19 rats
343 creatures vanquished.

Notes
Turn   | Place    | Note
-------+----------+-------------------------------------------
     0 | D:1      | Killmatronix the Kobold Hunter began the quest for the Orb.
     0 | D:1      | Reached XP level 1. HP: 12/12 MP: 1/1
    73 | D:1      | Reached skill level 5 in Crossbows
    73 | D:1      | Reached XP level 2. HP: 16/17 MP: 2/2
   182 | D:1      | Reached skill level 1 in Short Blades
   198 | D:1      | Reached XP level 3. HP: 21/22 MP: 3/3
  1250 | D:2      | Reached XP level 4. HP: 24/27 MP: 4/4
  1743 | D:3      | Reached XP level 5. HP: 31/32 MP: 5/5
  2133 | D:3      | Reached skill level 6 in Crossbows
  2543 | D:3      | Reached XP level 6. HP: 31/37 MP: 6/6
  3337 | D:4      | Noticed a sky beast
  3356 | D:4      | Killed a sky beast
  3637 | D:5      | Entered Level 5 of the Dungeon
  3642 | D:5      | Noticed Menkaure
  3647 | D:5      | Killed Menkaure
  3647 | D:5      | Reached skill level 7 in Crossbows
  3647 | D:5      | Reached XP level 7. HP: 23/42 MP: 7/7
  3658 | D:5      | Found a staircase to the Ecumenical Temple.
  3807 | D:5      | Found a bloodstained altar of Trog.
  3823 | D:5      | Became a worshipper of Trog the Wrathful
  3929 | D:5      | Found a shattered altar of Ashenzari.
  4044 | D:5      | Found a glowing drain.
  4073 | Sewer    | Entered a sewer
  4077 | Sewer    | Noticed Purgy
  4088 | Sewer    | Killed Purgy
  4088 | Sewer    | Reached XP level 8. HP: 39/48 MP: 8/8
  4130 | Sewer    | Reached * piety under Trog
  4494 | Temple   | Entered the Ecumenical Temple
  5106 | D:5      | Reached skill level 5 in Stealth
  5152 | D:5      | Reached skill level 8 in Crossbows
  5395 | D:4      | Reached skill level 5 in Dodging
  5541 | D:5      | Reached ** piety under Trog
  6041 | D:5      | Noticed Eustachio
  6074 | D:5      | Killed Eustachio
  6074 | D:5      | Reached skill level 5 in Fighting
  6074 | D:5      | Reached skill level 1 in Long Blades
  6074 | D:5      | Reached skill level 1 in Armour
  6084 | D:5      | Reached XP level 9. HP: 24/54 MP: 9/9
  6088 | D:5      | Reached skill level 9 in Crossbows
  6428 | D:5      | Found a staircase to the Ecumenical Temple.
  6520 | D:5      | Found a bloodstained altar of Trog.
  6723 | D:5      | Found a shattered altar of Ashenzari.
  7038 | D:6      | Found a glowing golden altar of the Shining One.
  7332 | D:6      | Reached *** piety under Trog
  8060 | D:7      | Found a sand-covered staircase.
  8252 | Ossuary  | Entered an ossuary
  8418 | Ossuary  | Reached skill level 10 in Crossbows
  8787 | D:7      | Received a gift from Trog
  8844 | D:7      | Reached **** piety under Trog
  9055 | D:7      | Found a shadowy altar of Dithmenos.
  9056 | D:7      | Found a basalt altar of Yredelemnul.
  9258 | D:7      | Noticed Pikel
  9601 | D:7      | Found a radiant altar of Vehumet.
  9607 | D:7      | Reached XP level 10. HP: 61/61 MP: 10/10
  9628 | D:7      | Got a thick robe
  9639 | D:7      | Identified the +0 robe of the Stars {rF+ Str+2 Dex+2} (You
                  | found it on level 7 of the Dungeon)
 10149 | D:7      | Killed Pikel
 10164 | D:7      | Found a basalt altar of Yredelemnul.
 10164 | D:7      | Found a shadowy altar of Dithmenos.
 10239 | D:8      | Found a sparkling altar of Nemelex Xobeh.
 10308 | D:8      | Found a staircase to the Lair.
 10386 | D:8      | Reached skill level 5 in Long Blades
 11298 | D:9      | Found a shadowy altar of Dithmenos.
 11490 | D:9      | Noticed a two-headed ogre
 12063 | D:9      | Identified a scroll of acquirement
 12081 | D:9      | Killed a two-headed ogre
 12209 | D:9      | Reached XP level 11. HP: 59/68 MP: 11/11
 12212 | D:9      | Found a hide-covered altar of Uskayaw.
 12266 | D:9      | Found an ornate altar of the Wu Jian Council.
 12290 | D:9      | Received a gift from Trog
 12460 | D:10     | Entered Level 10 of the Dungeon
 12460 | D:10     | Noticed Nergalle
 12469 | D:9      | Killed Nergalle
 12469 | D:9      | Reached skill level 5 in Armour
 12933 | D:9      | Reached skill level 11 in Crossbows
 13640 | D:10     | Received a gift from Trog
 13749 | D:10     | Noticed Psyche
 13753 | D:10     | Killed Psyche
 13946 | D:10     | Noticed Grum
 13960 | D:10     | Killed Grum
 13969 | D:10     | HP: 2/69 [centaur (8)]
 13970 | D:10     | Slain by a centaur

Levels and vault maps discovered:
D:1:      psy_arrival_spokes, layout_basic
D:2:      layout_basic
D:3:      layout_basic
D:4:      layout_loops_cross, first_ration
D:5:      lemuel_castle_with_subvaults [lemuel_castle_interior_carwin_1],
          layout_loops_ring, overflow_temple_1_default,
          minmay_temple_entry_steel_oval, portal_sewer_entry_f, trog_book,
          uniq_menkaure, uniq_eustachio
D:6:      layout_loops_ring, nicolae_tso_besieged_by_evil
D:7:      layout_loops_ring, nicolae_overflow_hidden_temple,
          lemuel_coloured_pillars_altar, gup_ossuary_entry_pyramid, the_bakery,
          kennysheep_crisscross, dk_noncrumbling_3, dk_rats_in_the_wall,
          uniq_pikel
D:8:      layout_rooms, lair_entry_dummy, nemelex_xobeh_ov_fountains_minmay
D:9:      layout_rooms, nicolae_overflow_crystal_walls, marbit_many_paths,
          grunt_dithmenos_smoke_and_mirrors
D:10:     layout_cave_pools, uniq_nergalle, uniq_grum, uniq_psyche
Temple:   regret_index_temple_generic_petals

Skill      XL: |  1  2  3  4  5  6  7  8  9 10 11 |
---------------+----------------------------------+-----
Crossbows      | 5 6 7 8 10 11 | 11.7
Stealth        | 2 3 4 5 |  5.0
Short Blades   | 1 2 3 4 |  4.9
Dodging        | 3 4 5 6 |  6.0
Fighting       | 3 4 5 6 7 8 |  8.8
Long Blades    | 1 3 6 |  6.8
Armour         | 1 3 4 5 |  5.0

Action                   |  1- 3 |  4- 6 |  7- 9 | 10-12 || total
-------------------------+-------+-------+-------+-------++-------
Melee: Short sword       |   125 |   249 |   863 |   354 ||  1591
       Scimitar          |       |       |       |    97 ||    97
 Fire: Hand crossbow     |     9 |    48 |   158 |    43 ||   258
       Arbalest          |       |       |       |    51 ||    51
Invok: Trog's Hand       |       |       |     3 |     3 ||     6
       Berserk           |       |       |     2 |     2 ||     4
  Use: Scroll            |     1 |     5 |     9 |     8 ||    23
 Stab: Sleeping          |     3 |     2 |     4 |     3 ||    12
  Eat: Chunk             |    10 |     7 |    22 |    23 ||    62
Armor: Leather armour    |    23 |       |    45 |    85 ||   153
       Ring mail         |    13 |    51 |       |       ||    64
       Chain mail        |       |    57 |   207 |       ||   264
Dodge: Dodged            |    96 |   126 |   363 |   343 ||   928
       Rpst.: Scimitar   |       |       |       |    30 ||    30

Table legend:
 A = Non-vault XP
 B = Vault XP
 C = Vault XP percentage of total XP
 D = Non-vault monster count
 E = Vault monster count
 F = Vault count percentage of total count
                 A         B        C        D         E       F
            +---------+---------+-------+---------+---------+-------
      Total |    7522 |    4583 |  37.9 |     210 |     131 |  38.4
            +---------+---------+-------+---------+---------+-------
        D:1 |      52 |       0 |   0.0 |      25 |       0 |   0.0
        D:2 |      38 |       0 |   0.0 |      22 |       0 |   0.0
        D:3 |     180 |       0 |   0.0 |      23 |       0 |   0.0
        D:4 |     228 |      15 |   6.2 |      12 |       1 |   7.7
        D:5 |     219 |    1193 |  84.5 |      19 |      62 |  76.5
        D:6 |     499 |      52 |   9.4 |      17 |      14 |  45.2
        D:7 |     871 |    1005 |  53.6 |      20 |      24 |  54.5
        D:8 |     345 |       0 |   0.0 |       8 |       0 |   0.0
        D:9 |    3787 |    1139 |  23.1 |      42 |       4 |   8.7
       D:10 |    1303 |     874 |  40.1 |      22 |       4 |  15.4
      Sewer |       0 |     154 | 100.0 |       0 |       6 | 100.0
    Ossuary |       0 |     151 | 100.0 |       0 |      16 | 100.0
            +---------+---------+-------+---------+---------+-------
